 Dungeon Crawl Stone Soup version 0.21-a0-509-gecc5317 (webtiles) character file.

80 Dawnplanks the Gusty (level 4, 0/33 HPs)
             Began as a Draconian Air Elementalist on Nov 30, 2017.
             Slain by Ijyb
             ... wielding a +2 dagger of electrocution
              (2 damage)
             ... while paralysed by Ijyb
             ... on level 3 of the Dungeon.
             The game lasted 00:09:29 (2183 turns).

Dawnplanks the Gusty (Draconian Air Elementalist)   Turns: 2183, Time: 00:09:30

Health: 0/33       AC:  6    Str: 10    XL:     4   Next: 18%
Magic:  1/8        EV:  2    Int: 16    God:
Gold:   112        SH:  0    Dex: 12    Spells: 0/8 levels left

rFire    . . .     SeeInvis .   m - +0 hand axe (holy)
rCold    . . .     Gourm    .   (no shield)
rNeg     . . .     Faith    .   (armour unavailable)
rPois    .         Spirit   .   (helmet restricted)
rElec    .         Reflect  .   (no cloak)
rCorr    .         Harm     .   h - +0 pair of gloves
MR       .....                  (no boots)
Stlth    ++........             (no amulet)
HPRegen  0.11/turn              i - ring of wizardry
MPRegen  0.11/turn              (no ring)

@: paralysed, very slightly contaminated
A: unfitting armour, cold-blooded, AC +5
a: no special abilities


You were on level 3 of the Dungeon.
You were hungry.

You visited 1 branch of the dungeon, and saw 3 of its levels.

You collected 112 gold pieces.

Inventory:

Hand Weapons
 m - a +0 hand axe of holy wrath (weapon)
Armour
 g - a +0 buckler
 h - a +0 pair of gloves (worn)
Jewellery
 i - a ring of wizardry (left hand)
Scrolls
 d - a scroll of fear {unknown}
 e - 3 scrolls of immolation {unknown}
 j - a scroll of teleportation {unknown}
 k - a scroll of random uselessness {unknown}
 l - a scroll of identify {unknown}
Potions
 n - a potion of ambrosia {unknown}
Books
 a - a book of Air

   Spells                             Type                      Level
   a - Shock                          Conjuration/Air              1
   b - Swiftness                      Charms/Air                   2
   c - Static Discharge               Conjuration/Air              3
   d - Airstrike                      Air                          4
   e - Lightning Bolt                 Conjuration/Air              5
Comestibles
 b - a bread ration
 c - 2 meat rations
 f - 4 fruits


   Skills:
 - Level 1.7 Dodging
 - Level 1.7 Stealth
 + Level 2.8 Spellcasting
 + Level 2.3 Conjurations
 + Level 3.8 Air Magic


You couldn't memorise any spells.
You knew the following spells:

 Your Spells              Type           Power        Failure   Level  Hunger
a - Shock                 Conj/Air       ##..         2%          1    #......
b - Static Discharge      Conj/Air       ##......     6%          3    ###....
c - Airstrike             Air            ##........   16%         4    #####..


Dungeon Overview and Level Annotations

Branches:
Dungeon (3/15)

Altars:
Okawaru

Annotations:
D:3 Ijyb


Innate Abilities, Weirdness & Mutations

Your plain brown scales are hard. (AC +5)
You cannot fit into any form of body armour.
You are cold-blooded and may be slowed by cold attacks.


Message History

Ijyb zaps a wand.
You resist with some effort.
There is an open gate here.
Casting: Shock
Confirm with . or Enter, or press ? or * to list all spells.
Aiming: Shock
Press: ? - help, Shift-Dir - straight line, f/p - Ijyb
Aim: Ijyb, wielding a dagger of electrocution, wearing a scale mail and carrying a wand of paralysis (6)
The zap misses Ijyb.
Ijyb screams, "Me very upset!"
Ijyb zaps a wand.
You suddenly lose the ability to move!
Ijyb hits you but does no damage.
You are electrocuted!
Ouch! That really hurt!
Ijyb zaps a wand.
You resist with some effort. Ijyb hits you but does no damage.
Ijyb hits you but does no damage.
Ijyb hits you with a dagger of electrocution.
You are electrocuted!
* * * LOW HITPOINT WARNING * * *
Ijyb hits you with a dagger of electrocution.
You die...

######## ##### #......#
#..≈≈## #......+ .≈≈≈#
#......# ≈≈≈## ###
#''##..#########≈≈# #.. #..
#..).......#≈≈## #.# #..
#..........'...# #.# . #..
#.........g@...# #.# . #..
#.)........'...# #.##. #†g
#..........#≈≈.#########..(.
#..
#..#########≈≈...[..........
#..#...#..≈≈≈##########..<..
#..'.).'.)≈≈≈# #..##.
#####...#..≈≈## #..# .
#...#####..≈≈# #..#
#..........≈≈# #.)#


You could see Ijyb.

Vanquished Creatures
  An adder (D:2)
  A worm (D:2)
  3 dart slugs
  2 leopard geckos
  A giant cockroach (D:1)
  5 hobgoblins
  2 jackals (D:3)
  8 kobolds
  2 ball pythons
  12 bats
  8 frilled lizards
  12 goblins
  2 rats (D:2)
59 creatures vanquished.

Notes
Turn   | Place    | Note
-------+----------+-------------------------------------------
     0 | D:1      | Dawnplanks the Draconian Air Elementalist began the quest for the Orb.
     0 | D:1      | Reached XP level 1. HP: 14/14 MP: 3/3
   199 | D:1      | Reached XP level 2. HP: 20/20 MP: 0/5
   836 | D:1      | Reached XP level 3. HP: 26/26 MP: 3/6
  1240 | D:2      | Learned a level 3 spell: Static Discharge
  1654 | D:2      | Found an iron altar of Okawaru.
  1666 | D:2      | Found a faded altar of an unknown god.
  1897 | D:2      | Reached XP level 4. HP: 33/33 MP: 4/8
  1941 | D:2      | Learned a level 4 spell: Airstrike
  2156 | D:3      | Noticed Ijyb
  2166 | D:3      | Paralysed by Ijyb for 2 turns
  2177 | D:3      | Paralysed by Ijyb for 7 turns
  2183 | D:3      | Slain by Ijyb

Vault maps used:
D:1:      matt_arrival_spirals
D:2:      lemuel_doored_altar, chequers_ecumenical_altar_island,
          minmay_quantized
D:3:      kennysheep_goblin_castle, kennysheep_jessica_study, uniq_terence,
          uniq_jessica

Skill      XL: |  1  2  3 |
---------------+----------+-----
Conjurations   | 2 |  2.3
Dodging        | |  1.7
Stealth        | |  1.7
Spellcasting   | |  2.8
Air Magic      | |  3.8

Action                   |  1- 3 |  4- 6 || total
-------------------------+-------+-------++-------
Melee: Unarmed           |     7 |       ||     7
       Short sword       |    35 |       ||    35
       Tailslap          |     3 |       ||     3
 Cast: Shock             |    96 |     9 ||   105
       Airstrike         |       |     4 ||     4
 Stab: Sleeping          |     1 |       ||     1
  Eat: Chunk             |     4 |     1 ||     5
Armor: Skin              |    19 |     3 ||    22
Dodge: Dodged            |    40 |       ||    40

Table legend:
 A = Spawn XP
 B = Non-spawn XP
 C = Spawn XP percentage of total XP
 D = Spawn monster count
 E = Non-spawn monster count
 F = Spawn count percentage of total count
 G = Total turns spent on level
                    A         B        C        D         E        F      G
               +---------+---------+-------+---------+---------+-------+---------
         Total |       0 |     115 |   0.0 |       0 |      59 |   0.0 |  2183
               +---------+---------+-------+---------+---------+-------+---------
           D:1 |       0 |      46 |   0.0 |       0 |      28 |   0.0 |  1040
           D:2 |       0 |      51 |   0.0 |       0 |      21 |   0.0 |   913
           D:3 |       0 |      18 |   0.0 |       0 |      10 |   0.0 |   230
               +---------+---------+-------+---------+---------+-------+---------
